 Dungeon Crawl Stone Soup version 0.19.0-2-gae57169 (webtiles) character file.

522 Leibowitz the Poker (level 6, 0/51 HPs)
             Began as a Demigod Fighter on Nov 5, 2016.
             Killed by divine providence
             ... invoked by an orc priest
              (13 damage)
             ... on level 5 of the Dungeon.
             The game lasted 00:09:23 (4131 turns).

Leibowitz the Poker (Demigod Fighter)               Turns: 4131, Time: 00:09:24

Health: 0/51       AC:  8    Str: 19    XL:     6   Next: 70%
Magic:  8/8        EV:  8    Int: 12    God:
Gold:   177        SH: 11    Dex: 19    Spells: 0 memorised, 5 levels left

rFire  + . .     SeeInvis .     a - +0 trident
rCold  . . .     Gourm    +     b - +0 scale mail
rNeg   . . .     Faith    .     c - +1 shield
rPois  .         Spirit   .     (no helmet)
rElec  .         Reflect  .     (no cloak)
rCorr  .         Harm     .     o - +0 pair of gloves
MR     .....                    (no boots)
Stlth  ..........               F - amulet of the gourmand
                                x - ring of protection from fire
                                (no ring)

@: no status effects
A: high mp 1
a: no special abilities


You were on level 5 of the Dungeon.
You were not hungry.

You visited 1 branch of the dungeon, and saw 5 of its levels.

You collected 177 gold pieces.

Inventory:

Hand Weapons
 a - a +0 trident (weapon)
Missiles
 y - 13 poisoned needles
 C - 2 curare-tipped needles
Armour
 b - a +0 scale mail (worn)
 c - a +1 shield (worn)
 o - a +0 pair of gloves (worn)
Jewellery
 j - a +2 ring of protection
 x - a ring of protection from fire (right hand)
 B - an uncursed amulet of rage
 F - an amulet of the gourmand (around neck)
Wands
 v - a wand of acid (9/15)
 H - a wand of lightning (9/15)
Scrolls
 g - a scroll of remove curse
 l - 3 scrolls of teleportation {unknown}
 m - 3 scrolls of fog {unknown}
 p - 3 scrolls of random uselessness {unknown}
 r - 5 scrolls of identify {unknown}
 s - a scroll of noise {unknown}
 t - a scroll of magic mapping {unknown}
 w - a scroll of amnesia {unknown}
 z - a scroll of enchant weapon {unknown}
 J - a scroll of enchant armour
Potions
 d - a potion of might
 e - 4 potions of curing {unknown}
 i - a potion of agility {unknown}
 k - a potion of brilliance {unknown}
 n - a potion of haste {unknown}
 q - a potion of degeneration {unknown}
 u - a potion of magic {unknown}
 A - 2 potions of heal wounds {unknown}
 E - 2 potions of berserk rage {unknown}
 I - a potion of mutation {unknown}
Comestibles
 f - 8 bread rations
 h - a meat ration
 D - 2 fruits
 G - a beef jerky


   Skills:
 + Level 3.3 Fighting
 + Level 4.7 Polearms
 + Level 3.6 Armour
 + Level 1.3 Dodging
 + Level 0.6 Stealth
 + Level 4.2 Shields


You had 5 spell levels left.
You didn't know any spells.

Dungeon Overview and Level Annotations

Branches:
Dungeon (5/15)
 Temple: D:4-7


Innate Abilities, Weirdness & Mutations

You have an increased reservoir of magic. (+10% MP)


Message History

The orc priest calls down the wrath of Beogh upon you.
Pain shoots through your body!
The orc priest looks braver for a moment.
You puncture the orc priest!
The orc priest is heavily wounded.
The orc priest mumbles some strange prayers to Beogh against you.
Beogh smites you!
You hit the orc priest.
The orc priest is severely wounded.
You block the orc priest's attack.
Your shield prevents you from hitting the orc priest.
The orc priest is severely wounded.
The orc priest invokes the aid of Beogh against you.
Pain shoots through your body!
* * * LOW HITPOINT WARNING * * *
You barely miss the orc priest.
The orc priest is severely wounded.
The orc priest invokes the aid of Beogh against you.
Beogh smites you!
You die...

######.. #.#o# #......###
####.#.# #........
..#.#o#
###.......#######.#.#.#
#..
......#.......#.#ยง###
#.#####.................
#.#...#....###.#..#.#.###
#.#.#.#..o>..............
#.#.#<).@)#....#..#.#####
#.....#)#.........#.#
###.#.#.#...####.##.#
#.#.#.............#
#.############.########
#......................
#..###########.#######.
#..............#
##.#############


You could see an orc priest.

Vanquished Creatures
  A centaur (D:3)
  A scorpion (D:4)
  A hound (D:4)
  A bullfrog skeleton (D:3)
  2 orc priests
  2 orc wizards
  2 worker ants (D:4)
  6 adders
  3 worms
  6 dart slugs
  5 leopard geckos
  12 orcs
  3 ball pythons
  6 giant cockroaches
  4 hobgoblins
  3 jackals
  2 quokkas
  10 bats
  4 frilled lizards
  8 goblins
  8 kobolds
  2 quokka skeletons (D:4)
  7 rats
99 creatures vanquished.

Notes
Turn   | Place    | Note
-------+----------+-------------------------------------------
     0 | D:1      | Leibowitz the Demigod Fighter began the quest for the Orb.
     0 | D:1      | Reached XP level 1. HP: 18/18 MP: 3/3
   462 | D:1      | Reached XP level 2. HP: 25/25 MP: 4/4
   895 | D:2      | Reached XP level 3. HP: 30/30 MP: 5/5
  1468 | D:3      | Reached XP level 4. HP: 33/38 MP: 6/6
  2019 | D:3      | Noticed a centaur
  2045 | D:3      | Killed a centaur
  2045 | D:3      | Reached XP level 5. HP: 23/45 MP: 7/7
  2309 | D:3      | Reached skill level 1 in Dodging
  2889 | D:4      | Reached XP level 6. HP: 22/51 MP: 8/8
  3973 | D:5      | Entered Level 5 of the Dungeon
  4131 | D:5      | Killed from afar by an orc priest

Skill      XL: |  1  2  3  4  5  6 |
---------------+-------------------+-----
Polearms       | 2 3 4 |  4.7
Shields        | 3 4 |  4.2
Fighting       | 3 |  3.3
Armour         | 3 |  3.6
Dodging        | 1 |  1.3
Stealth        | |  0.6

Action                   |  1- 3 |  4- 6 || total
-------------------------+-------+-------++-------
Melee: Trident           |   137 |   274 ||   411
  Use: Scroll            |       |     2 ||     2
  Eat: Chunk             |     2 |    14 ||    16
Armor: Scale mail        |    68 |   118 ||   186
Dodge: Dodged            |    35 |    76 ||   111
Block: Shield            |    82 |   163 ||   245
